 Dungeon Crawl Stone Soup version 0.23-a0-242-g2b5ca64 (webtiles) character file.

11 Amnesiac the Insei (level 2, 0/23 HPs)
             Began as a Demigod Transmuter on Sept 28, 2018.
             Slain by a jackal (2 damage)
             ... on level 1 of the Dungeon.
             The game lasted 00:00:33 (175 turns).

Amnesiac the Insei (Demigod Transmuter)              Turns: 175, Time: 00:00:34

Health: 0/23       AC:  2    Str: 13    XL:     2   Next: 6%
Magic:  5/7        EV: 12    Int: 17    God:
Gold:   12         SH:  0    Dex: 16    Spells: 4/5 levels left

rFire    . . .     SeeInvis .     - Unarmed
rCold    . . .     Gourm    .   (no shield)
rNeg     . . .     Faith    .   b - +0 robe
rPois    .         Spirit   .   (no helmet)
rElec    .         Reflect  .   (no cloak)
rCorr    .         Harm     .   (no gloves)
MR       .....                  (boots currently unavailable)
Stlth    +.........             (no amulet)
HPRegen  0.07/turn              (no ring)
MPRegen  0.10/turn              (no ring)

@: appendage
A: talons 3, high mp 1
a: End Transformation


You were on level 1 of the Dungeon.
You were not hungry.
You had grown temporary talons.
You visited 1 branch of the dungeon, and saw 1 of its levels.

You collected 12 gold pieces.

Inventory:

Missiles
 a - 12 arrows
Armour
 b - a +0 robe (worn)
Comestibles
 c - 4 chunks of flesh
 d - a ration


   Skills:
 - Level 1.0 Fighting
 + Level 1.9 Dodging
 + Level 2.8 Unarmed Combat
 * Level 2.0 Spellcasting
 * Level 2.0 Transmutations


You had 4 spell levels left.
You knew the following spells:

 Your Spells              Type           Power        Failure   Level  Hunger
a - Beastly Appendage     Tmut           #.....       9%          1    #......

Your spell library contained the following spells:

 Spells                   Type           Power        Failure   Level  Hunger
 Sticks to Snakes         Tmut           #.......     13%         2    ###....
 Spider Form              Tmut/Pois      #.........   36%         3    ###....
 Ice Form                 Ice/Tmut       #.......     77%         4    #####..
 Blade Hands              Tmut           #.........   93%         5    ######.


Dungeon Overview and Level Annotations

Branches:
Dungeon (1/15)


Innate Abilities, Weirdness & Mutations

You have an increased reservoir of magic. (+10% MP)
You have claws for feet.


Message History

The jackal bites you.
The hobgoblin shouts!
The jackal barks!
You hit the jackal but do no damage. You claw the jackal.
You kill the jackal!
The leopard gecko closely misses you.
You hit the hobgoblin but do no damage.
The hobgoblin hits you but does no damage.
The leopard gecko bites you.
You hit the hobgoblin.
The hobgoblin is moderately wounded.
The hobgoblin completely misses you.
The leopard gecko bites you but does no damage.
You barely miss the hobgoblin. You claw the hobgoblin.
You kill the hobgoblin!
You have reached level 2!
Your transformation is almost over.
The jackal bites you. The leopard gecko bites you.
* * * LOW HITPOINT WARNING * * *
The jackal bites you.
* * * LOW HITPOINT WARNING * * *
The leopard gecko barely misses you. The jackal bites you.
* * * LOW HITPOINT WARNING * * *
The jackal bites you but does no damage.
The leopard gecko misses you.
You see here a bat corpse.
Casting: Beastly Appendage (safe; 9% risk of failure)
Confirm with . or Enter, or press ? or * to list all spells.
You extend your transformation's duration.
The jackal bites you but does no damage.
The jackal misses you.
You closely miss the jackal. You claw the jackal.
The jackal is heavily wounded.
The jackal bites you but does no damage.
You closely miss the jackal.
The jackal is heavily wounded.
The jackal bites you.
* * * LOW HITPOINT WARNING * * *
You are too injured to fight recklessly!
You are too injured to fight recklessly!
You are too injured to fight recklessly!
You are too injured to fight recklessly!
You are too injured to fight recklessly!
You are too injured to fight recklessly!
You are too injured to fight recklessly!
You are too injured to fight recklessly!
You are too injured to fight recklessly!
You closely miss the jackal. You claw the jackal, but do no damage.
The jackal is heavily wounded.
The jackal bites you but does no damage. x2
You barely miss the jackal. You claw the jackal.
The jackal is almost dead.
The jackal bites you but does no damage.
You completely miss the jackal.
The jackal is almost dead.
The jackal bites you but does no damage.
The jackal closely misses you.
You hit the jackal.
You kill the jackal!
The jackal bites you.
* * * LOW HITPOINT WARNING * * *
You hit the jackal. You claw the jackal, but do no damage.
The jackal is almost dead.
The jackal bites you.
You die...

#.#..............≈#
###.............).≈≈#
..................≈#
#...............÷)≈#
...........##...#.##+##
#.........# #......'..#
#.....)...###.....##<.#
..........##......#####
##.(!....###@#.....#
#.........##h#.......
#........g†gl.........
#.....♣.♣.♣.♣.......##
.......^.............
......♣.♣.♣.♣##..♣.♣♣
..?.......... ..♣ ♣
.......♣.♣.# ..♣
.####.#..## .#.


You could see a leopard gecko, a jackal and a hobgoblin.

Vanquished Creatures
  An ooze (D:1)
  2 hobgoblins (D:1)
  2 jackals (D:1)
  A ball python (D:1)
  A bat (D:1)
7 creatures vanquished.

Notes
Turn   | Place    | Note
-------+----------+-------------------------------------------
     0 | D:1      | Amnesiac the Demigod Transmuter began the quest for the
                  | Orb.
     0 | D:1      | Reached XP level 1. HP: 15/15 MP: 5/5
    14 | D:1      | Reached skill level 1 in Fighting
   161 | D:1      | Reached XP level 2. HP: 16/23 MP: 5/7
   175 | D:1      | Slain by a jackal

Vault maps used:
D:1:      sevenhm_arrival_forest_fort_small_3, serial_forest,
          infiniplex_forest_lined_3_way, infiniplex_forest_clump_curved,
          infiniplex_forest_lined_room_3, infiniplex_forest_straight_3,
          infiniplex_forest_corner_1, infiniplex_forest_end_1,
          infiniplex_forest_end_1

Skill      XL: |  1 |
---------------+----+-----
Fighting       | 1 |  1.0
Spellcasting   | 2 |  2.0
Transmutations | 2 |  2.0
Dodging        | |  1.9
Unarmed Combat | |  2.8

Action                   || total
-------------------------++-------
Melee: Unarmed           ||    21
       Kick              ||     6
       Headbutt          ||     1
 Cast: Beastly Appendage ||     4
Armor: Robe              ||     8
Dodge: Dodged            ||     9

Table legend:
 A = Non-vault XP
 B = Vault XP
 C = Vault XP percentage of total XP
 D = Non-vault monster count
 E = Vault monster count
 F = Vault count percentage of total count
                 A         B        C        D         E       F
            +---------+---------+-------+---------+---------+-------
      Total |      17 |       0 |   0.0 |       7 |       0 |   0.0
            +---------+---------+-------+---------+---------+-------
        D:1 |      17 |       0 |   0.0 |       7 |       0 |   0.0
            +---------+---------+-------+---------+---------+-------
